 Dungeon Crawl Stone Soup version 0.26-a0-980-g0fe3eaa9ac (webtiles) character file.

Game seed: 17152731165237301018

16 sahdkjhfkaj the Chiller (level 2, 0/20 HPs)
             Began as a Gnoll Ice Elementalist on Dec 5, 2020.
             Slain by a goblin (4 damage)
             ... on level 1 of the Dungeon.
             The game lasted 00:00:19 (121 turns).

sahdkjhfkaj the Chiller (Gnoll Ice Elementalist)     Turns: 121, Time: 00:00:20

Health: 0/20       AC:  2    Str: 10    XL:     2   Next: 54%
Magic:  1/7        EV: 14    Int: 17    God:
Gold:   11         SH:  0    Dex: 15    Spells: 9/10 levels left

rFire    . . .     SeeInvis .   a - +0 short sword (flame)
rCold    . . .     Faith    .   (no shield)
rNeg     . . .     Spirit   .   b - +0 robe
rPois    .         Reflect  .   (no helmet)
rElec    .         Harm     .   (no cloak)
rCorr    .         Rampage  .   (no gloves)
MR       .....                  (no boots)
Stlth    +++.......             (no amulet)
HPRegen  0.06/turn              (no ring)
MPRegen  0.10/turn              (no ring)

@: no status effects
A: distributed training, fangs 1, strong nose
a: no special abilities


You were on level 1 of the Dungeon.
You visited 1 branch of the dungeon, and saw 1 of its levels.

You collected 11 gold pieces.

Inventory:

Hand Weapons
 a - a +0 short sword of flaming (weapon)
Armour
 b - a +0 robe (worn)
Potions
 c - a potion of lignification {unknown}


   Skills:
 + Level 0.4 Fighting
 + Level 0.4 Short Blades
 + Level 0.4 Long Blades
 + Level 0.4 Axes
 + Level 0.4 Maces & Flails
 + Level 0.4 Polearms
 + Level 0.4 Staves
 + Level 0.4 Slings
 + Level 0.4 Bows
 + Level 0.4 Crossbows
 + Level 0.4 Throwing
 + Level 0.4 Armour
 + Level 4.5 Dodging
 + Level 4.1 Stealth
 + Level 0.4 Shields
 + Level 0.4 Unarmed Combat
 + Level 4.9 Spellcasting
 + Level 0.2 Conjurations
 + Level 0.2 Hexes
 + Level 0.2 Summonings
 + Level 0.2 Necromancy
 + Level 0.2 Translocations
 + Level 0.2 Transmutations
 + Level 0.2 Fire Magic
 + Level 7.0 Ice Magic
 + Level 0.2 Air Magic
 + Level 0.2 Earth Magic
 + Level 0.2 Poison Magic
 + Level 0.5 Invocations
 + Level 0.4 Evocations


You had 9 spell levels left.
You knew the following spells:

 Your Spells              Type           Power        Failure   Level
a - Freeze                Ice            ####         1%          1

Your spell library contained the following spells:

 Spells                   Type           Power        Failure   Level
 Frozen Ramparts          Ice            ####..       2%          3
 Ozocubu's Armour         Ice            ####....     2%          3
 Hailstorm                Conj/Ice       ###.....     30%         4
 Summon Ice Beast         Ice/Summ       ###.....     30%         4


Dungeon Overview and Level Annotations

Branches:
Dungeon (1/15)

Altars:


Innate Abilities, Weirdness & Mutations

Your experience applies equally to all skills.
You have very sharp teeth.
Your uncanny sense of smell can sniff out nearby items.


Message History

Aim: a giant cockroach (heavily wounded)
You freeze the giant cockroach.
The giant cockroach is severely wounded.
The giant cockroach completely misses you.
The goblin closely misses you.
Unknown command.
You barely miss the giant cockroach. Your bite misses the giant cockroach.
The giant cockroach is severely wounded.
The giant cockroach closely misses you. The goblin misses you.
You hit the giant cockroach. You burn the giant cockroach.
You kill the giant cockroach!
The goblin closely misses you.
Unknown command.
The goblin hits you.
* * * LOW HITPOINT WARNING * * *
You see here a giant cockroach corpse.
The goblin hits you.
* * * LOW HITPOINT WARNING * * *
The goblin hits you.
You die...

#........# #........#
##################..#
#.........##.....##.#
#.........##.....##.##
#.........##.....##..# .
####.......).##...(.###.###.#
..........(†.##.......#......
##.......g@##.....#(#..##.#
#.........##)....#.#...#
#.........#####.##.....#
.....####.########.####.#.#
.... +...........#.....(#...
... ####.####..............#
.. #.# #..#########...# . #.#
#......... ..>#
#.####†######## ###


You could see a goblin.

Vanquished Creatures
  A gnoll (D:1)
  A giant cockroach (D:1)
  A bat (D:1)
  A frilled lizard (D:1)
  2 kobolds (D:1)
  A rat (D:1)
7 creatures vanquished.

Notes
Turn   | Place    | Note
-------+----------+-------------------------------------------
     0 | D:1      | sahdkjhfkaj the Gnoll Ice Elementalist began the quest for
                  | the Orb.
     0 | D:1      | Reached XP level 1. HP: 13/13 MP: 6/6
   115 | D:1      | Reached XP level 2. HP: 8/20 MP: 2/7
   121 | D:1      | Slain by a goblin

Illustrated notes

Levels and vault maps discovered:
D:1:      minmay_arrival_arboretum_small, layout_basic, minmay_ruptured

Action                   || total
-------------------------++-------
Melee: Unarmed           ||     1
       Short sword       ||     2
 Cast: Freeze            ||     9
Armor: Robe              ||     3
Dodge: Dodged            ||    19

Table legend: (Time is in decaauts)
 A = Elapsed time spent in this place.
 B = Non-inter-level travel time spent in this place.
 C = Inter-level travel time spent in this place.
 D = Time resting spent in this place.
 E = Time spent auto-exploring this place.
 F = Levels seen in this place.
 G = Mean time per level.
                   A        B        C        D        E       F      G
               +--------+--------+--------+--------+--------+-----+--------+
         Total |    120 |    120 |      0 |      0 |     87 |   1 |  120.0 |
       Dungeon |    120 |    120 |      0 |      0 |     87 |   1 |  120.0 |
               +--------+--------+--------+--------+--------+-----+--------+

Top non-repeatable levels by time:
     D:1: 120 daAuts
